 Dungeon Crawl Stone Soup version 0.27-a0-1200-g94dc6ad4cf (webtiles) character file.

Game seed: 609894443093162377

1509 Shayle the Basher (level 8, -1/84 HPs)
             Began as an Ogre Warper on June 1, 2021.
             Slain by an orc warrior
             ... wielding a +0 long sword of electrocution
              (18 damage)
             ... on level 6 of the Dungeon.
             The game lasted 00:19:17 (7321 turns).

Shayle the Basher (Ogre Warper)                     Turns: 7321, Time: 00:19:17

Health: -1/84      AC:  4    Str: 16    XL:     8   Next: 83%
Magic:  11/11      EV: 10    Int: 22    God:
Gold:   207        SH:  0    Dex:  8    Spells: 11/11 levels left

rFire    . . .     SeeInvis .   f - +1 flail (protect)
rCold    . . .     Faith    .   (no shield)
rNeg     . . .     Spirit   .   b - +1 robe
rPois    +         Reflect  .   (helmet restricted)
rElec    .         Harm     .   (no cloak)
rCorr    .         Rampage  .   (gloves unavailable)
Will     .....                  (boots unavailable)
Stlth    +.........             w - amulet of magic regeneration
HPRegen  0.24/turn              s - +6 ring of intelligence
MPRegen  0.37/turn              j - ring of poison resistance

@: studying Unarmed Combat
A: large, unfitting armour, tough skin 1
a: no special abilities


You were on level 6 of the Dungeon.
You visited 1 branch of the dungeon, and saw 6 of its levels.

You collected 207 gold pieces.

Inventory:

Hand Weapons
 f - a +1 flail of protection (weapon)
 r - a +0 hand axe of venom
Missiles
 i - 5 boomerangs (quivered)
 m - 51 poisoned darts
 v - a throwing net
Armour
 b - a +1 robe (worn)
Jewellery
 j - a ring of poison resistance (right hand)
 n - a ring of willpower
 p - a ring of flight
 s - a +6 ring of intelligence (left hand)
 w - an amulet of magic regeneration (around neck)
Wands
 e - a wand of iceblast (5)
Scrolls
 a - a scroll of blinking
 d - 2 scrolls of acquirement {unknown}
 g - 2 scrolls of fear
 q - a scroll of identify
Potions
 c - a potion of might
 h - a potion of ambrosia {unknown}
 k - 2 potions of flight
 l - 3 potions of curing
 t - a potion of heal wounds
 u - a potion of haste {unknown}


   Skills:
 + Level 6.8 Fighting
 + Level 11.3 Maces & Flails
 - Level 1.0 Throwing
 + Level 4.8 Dodging
 - Level 2.4 Spellcasting
 - Level 2.6 Translocations


You had 11 spell levels left.
You didn't know any spells.
Your spell library contained the following spells:

 Spells                   Type           Power      Damage    Failure   Level
 Blink                    Tloc           N/A        N/A       7%          2
 Corona                   Hex            2%         N/A       13%         1
 Gell's Gravitas          Tloc           7%         N/A       13%         3
 Lesser Beckoning         Tloc           7%         N/A       13%         3
 Teleport Other           Tloc           14%        N/A       13%         3
 Ensorcelled Hibernation  Hex/Ice        4%         N/A       21%         2
 Confusing Touch          Hex            2%         N/A       36%         3
 Dazzling Flash           Conj/Hex       4%         N/A       36%         3
 Tukima's Dance           Hex            2%         N/A       36%         3
 Manifold Assault         Tloc           14%        N/A       77%         5


Dungeon Overview and Level Annotations

Branches:
Dungeon (6/15)
 Temple: D:4-7

Altars:
Kikubaaqudgha
Qazlal
Vehumet

Annotations:
D:3 1 runed translucent door, Crazy Yiuf


Innate Abilities, Weirdness & Mutations

You are too large for most types of armour.
You have tough skin. (AC +1)


Message History

The atropa-tipped dart hits the orc warrior.
The orc warrior resists.
Your attack snaps the orc warrior out of its fear.
The orc warrior is moderately wounded.
Aiming: Iceblast
Press: ? - help, Shift-Dir - straight line, f/p - orc warrior
Aim: an orc warrior, wielding a +0 long sword of electrocution, wearing a +0 plate armour and quivering boomerangs (moderately wounded)
The mass of ice explodes!
The iceblast engulfs the orc warrior!
The orc warrior is severely wounded.
Unknown command.
Throw: dart (atropa)
Press: ? - help, Q - select action, (/) - cycle Shift-Dir - straight line, f/p - orc warrior
Aim: an orc warrior, wielding a +0 long sword of electrocution, wearing a +0 plate armour and quivering boomerangs (severely wounded, 57% to hit, chance to blind on hit: 51%)
You throw an atropa-tipped dart.
The atropa-tipped dart hits the orc warrior.
The orc warrior appears confused.
The orc warrior is severely wounded.
The orc warrior barely misses you.
You completely miss the orc warrior.
The orc warrior is severely wounded.
The orc warrior seems less confused.
Aiming: Iceblast
Press: ? - help, Shift-Dir - straight line, p - orc warrior The mass of ice explodes!
The iceblast engulfs something! x2
The iceblast engulfs the orc warrior.
The orc warrior is severely wounded.
The orc warrior is no longer blind.
Unknown command.
Aiming: Iceblast
Press: ? - help, Shift-Dir - straight line The mass of ice explodes!
The iceblast engulfs something!
Reactivating autopickup.
You feel a bit more experienced. The iceblast engulfs you!
* * * LOW HITPOINT WARNING * * *
The iceblast engulfs the orc warrior.
The orc warrior is almost dead.
The orc warrior hits you with a +0 long sword of electrocution.
* * * LOW HITPOINT WARNING * * *
You are electrocuted!!
You die...

##.....# ..≈##≈≈≈##≈#..###.####
....... ..≈#######≈#..# #.#
......# #.≈≈#.$.#≈≈#..# #.#
......######.≈≈#..(#≈≈#..###.#
.............≈≈#(.(#≈≈.......#
......######.≈###{###≈#..###.#
......# #.≈##≈.≈##≈#..###.####
......# #.≈≈≈≈)≈≈≈≈#..........
......# #....@o###.#...#####.#
......# ######## #.#..........
.####################.....#####.#
.....................#....# #.#
.........................### #.#
.........[.#########.......# #.#
...........# #.##.##.# #.#
...........# #.....#.####.#
...........# ####>#.....#.#


You could see an orc warrior.

Vanquished Creatures
  2 water moccasins (D:6)
  An ice beast (D:6)
  2 necrophages
  A sky beast (D:4)
  Blork the orc (D:4)
  A bullfrog (D:5)
  A gnoll sergeant (D:5)
  2 scorpions
  A howler monkey (D:4)
  A centaur skeleton (D:6)
  4 hounds
  2 orc priests (D:5)
  3 iguanas (D:5)
  Terence (D:3)
  2 orc wizards
  6 adders
  A river rat (D:4)
  A white imp (D:5)
  An ufetubus (D:6)
  3 worms
  4 dart slugs
  16 orcs
  8 endoplasms
  9 giant cockroaches
  4 goblins
  4 hobgoblins
  4 jackals (D:4)
  6 kobolds
  5 quokkas
  6 ball pythons
  2 bats (D:1)
  5 frilled lizards (D:1)
  7 rats
117 creatures vanquished.

Notes
Turn   | Place    | Note
-------+----------+-------------------------------------------
     0 | D:1      | Shayle the Ogre Warper began the quest for the Orb.
     0 | D:1      | Reached XP level 1. HP: 22/22 MP: 3/3
   136 | D:1      | Reached skill level 2 in Maces & Flails
   248 | D:1      | Reached XP level 2. HP: 31/31 MP: 5/5
   713 | D:1      | Found a faded altar of an unknown god.
   958 | D:1      | Reached XP level 3. HP: 34/37 MP: 6/6
  2343 | D:3      | Reached XP level 4. HP: 19/48 MP: 7/7
  2344 | D:3      | Reached skill level 10 in Maces & Flails
  2344 | D:3      | Reached XP level 5. HP: 19/54 MP: 8/8
  2710 | D:3      | Noticed Terence
  2731 | D:3      | Killed Terence
  2883 | D:3      | Found a radiant altar of Vehumet.
  2947 | D:3      | Found an ancient bone altar of Kikubaaqudgha.
  3278 | D:3      | Found a runed translucent door.
  3279 | D:3      | Noticed Crazy Yiuf
  3806 | D:4      | Reached XP level 6. HP: 62/62 MP: 9/9
  4084 | D:4      | Found a stormy altar of Qazlal.
  4262 | D:4      | Noticed Blork the orc
  4291 | D:4      | HP: 3/63 [Blork the orc/magic dart (6)]
  4292 | D:4      | Killed Blork the orc
  5003 | D:5      | Entered Level 5 of the Dungeon
  5003 | D:5      | Noticed a sky beast
  5032 | D:4      | Killed a sky beast
  5033 | D:4      | Reached XP level 7. HP: 35/71 MP: 10/10
  5309 | D:5      | Reached skill level 5 in Fighting
  5873 | D:5      | Reached skill level 11 in Maces & Flails
  6273 | D:5      | Reached XP level 8. HP: 81/81 MP: 11/11
  7321 | D:6      | Slain by an orc warrior

Illustrated notes

Levels and vault maps discovered:
D:1:      saegor_arrival_simple_c, layout_basic, chequers_ecumenical_altar_lobes
D:2:      layout_basic, serial_park_tiny_pond
D:3:      layout_basic, kiku_gazebo_pond_becter, old_standard_altar,
          serial_glass, glass_columns_c, glass_columns_b, serial_bayou_pond_c,
          hangedman_decor_push, chequers_serial_rivers_room_a,
          uniq_crazy_yiuf_cottage, uniq_terence
D:4:      layout_basic, grunt_qazlal_clouds, gup_sewer_entry_bubbles,
          uniq_blork_the_orc
D:5:      layout_cave_pods, minmay_manual_maat
D:6:      layout_basic, lightli_minifort

Skill      XL: |  1  2  3  4  5  6  7  8 |
---------------+-------------------------+-----
Fighting       | 3 4 5 6 |  6.8
Maces & Flails | 2 10 11 | 11.3
Dodging        | 3 4 |  4.8
Throwing       | |  1.0
Spellcasting   | |  2.4
Translocations | |  2.6

Action                   |  1- 3 |  4- 6 |  7- 9 || total
-------------------------+-------+-------+-------++-------
Melee: Mace              |    40 |       |       ||    40
       Flail             |    82 |   193 |   181 ||   456
Throw: Boomerang         |     5 |     3 |       ||     8
       Dart              |     2 |    12 |    20 ||    34
Evoke: Wand              |       |     3 |     3 ||     6
  Use: Scroll            |     2 |     2 |     5 ||     9
       Potion            |       |     3 |       ||     3
 Stab: Invisible         |       |     1 |     2 ||     3
       Sleeping          |       |       |     1 ||     1
Armor: Robe              |    50 |    65 |    73 ||   188
Dodge: Dodged            |    67 |    78 |    64 ||   209

Table legend: (Time is in decaauts)
 A = Elapsed time spent in this place.
 B = Non-inter-level travel time spent in this place.
 C = Inter-level travel time spent in this place.
 D = Time resting spent in this place.
 E = Time spent auto-exploring this place.
 F = Levels seen in this place.
 G = Mean time per level.
                   A        B        C        D        E       F      G
               +--------+--------+--------+--------+--------+-----+--------+
         Total |   7343 |   7062 |    281 |   1204 |   4149 |   6 | 1223.8 |
       Dungeon |   7343 |   7062 |    281 |   1204 |   4149 |   6 | 1223.8 |
               +--------+--------+--------+--------+--------+-----+--------+

Top non-repeatable levels by time:
     D:4: 1561 daAuts
     D:2: 1406 daAuts
     D:5: 1371 daAuts
     D:1: 1182 daAuts
     D:3: 1095 daAuts
     D:6: 726 daAuts
